AoeStats
← Adrijiga

Arena

508093726Analyzed
3v3 RM · 12d ago on Sep 20, 2026· 43m 59s· 6 players
Game mode
Random Map
Map size
Normal (6 player)
Population
200
Speed
Normal
Resources
Standard
Victory
Conquest
Starting age
Dark Age
Ending age
Imperial Age
RankedLock teamsTeams togetherTeam positionsShared explorationLock speedFull tech treeHidden civsTurbo modeCheats
Victory
Defeat
🇵🇪 Celts · Peru
1399
+14
🇵🇪 Spanish · Peru
1390
+14
🇵🇪 Bohemians · Peru
1384
+15
🇺🇸 Italians · United States
1382
-15
🇪🇸 Spanish · Spain
1361
-15
🇦🇷 Cumans · Argentina
1316
-13
Laggy
9:55 Feudal Age
13:58 Castle Age
12:04 Double-Bit Axe
12:35 Horse Collar
21:59 Wheelbarrow
21:54 Bow Saw
22:26 Stone Mining
22:26 Gold Mining
27:03 Imperial Age
24:19 Loom
25:09 Heavy Plow
25:47 Stone Shaft Mining
25:20 Fletching
25:31 Padded Archer Armor
26:04 Ballistics
26:33 Hand Cart
26:03 Town Watch
26:21 Bodkin Arrow
28:54 Chemistry
27:59 Bracer
38:16 Elite Genoese Crossbowman
39:36 Hoardings
41:47 Conscription
Adrijiga
4:44 Loom
11:04 Feudal Age
15:26 Castle Age
13:23 Double-Bit Axe
13:25 Horse Collar
17:38 Bow Saw
22:10 Heavy Plow
23:54 Wheelbarrow
23:14 Light Cavalry
24:05 Bloodlines
24:47 Husbandry
25:58 Forging
28:32 Iron Casting
28:31 Scale Barding Armor
31:46 Chain Barding Armor
31:09 Pikeman
33:37 Hand Cart
35:20 Town Watch
41:05 Imperial Age
38:33 Gold Mining
38:34 Stone Mining
40:23 Squires
40:25 Scale Mail Armor
41:08 Capped Ram
41:14 Hussar
215
9:13 Feudal Age
9:43 Double-Bit Axe
17:19 Loom
18:10 Wheelbarrow
21:17 Castle Age
19:48 Town Watch
20:37 Horse Collar
22:49 Bow Saw
22:44 Heavy Plow
22:58 Light Cavalry
25:43 Bloodlines
28:37 Imperial Age
28:46 Hussar
29:46 Scale Barding Armor
30:34 Capped Ram
32:15 Chain Barding Armor
32:05 Forging
33:48 Plate Barding Armor
35:28 Conscription
35:30 Siege Ram
36:34 Gold Mining
41:48 Two-Man Saw
41:20 Crop Rotation
41:38 Elite Skirmisher
Leo
10:45 Feudal Age
14:17 Castle Age
12:57 Horse Collar
13:40 Double-Bit Axe
25:54 Wheelbarrow
25:05 Town Watch
25:05 Loom
30:03 Imperial Age
28:05 Heavy Plow
28:17 Bow Saw
28:02 Gold Mining
29:22 Town Patrol
29:37 Hand Cart
29:57 Ballistics
31:09 Hand Cart
32:19 Chemistry
32:18 Heavy Scorpion
34:11 Gold Shaft Mining
35:15 Furor Celtica
35:28 Conscription
37:31 Siege Engineers
37:36 Masonry
37:21 Fletching
38:50 Fortified Wall
38:09 Capped Ram
39:28 Siege Ram
Caramandunga robada
0:27 Loom
9:50 Feudal Age
11:44 Loom
15:33 Castle Age
13:42 Double-Bit Axe
15:01 Horse Collar
17:43 Gold Mining
18:54 Sanctity
19:26 Bow Saw
19:42 Fervor
22:00 Wheelbarrow
21:11 Light Cavalry
22:14 Bloodlines
23:01 Scale Barding Armor
25:17 Stone Mining
26:11 Husbandry
25:38 Light Cavalry
26:31 Forging
26:38 Heavy Plow
28:33 Hand Cart
32:07 Iron Casting
31:52 Chain Barding Armor
LE | Andreu
8:06 Loom
10:30 Feudal Age
15:45 Castle Age
14:24 Double-Bit Axe
15:00 Horse Collar
19:20 Town Watch
20:11 Wheelbarrow
26:29 Heavy Plow
26:39 Bow Saw
30:07 Imperial Age
29:57 Chemistry
30:24 Bow Saw
33:08 Houfnice
33:38 Pikeman
34:20 Squires
34:21 Scale Mail Armor
34:53 Halberdier
35:50 Chain Mail Armor
36:30 Forging
37:13 Plate Mail Armor
36:56 Fletching
37:44 Plate Mail Armor
38:39 Iron Casting
38:00 Bodkin Arrow
40:37 Masonry
40:38 Fortified Wall
42:04 Architecture
41:16 Treadmill Crane
42:55 Arson
42:30 Man-at-Arms
44:45 Blast Furnace
43:45 Bracer
Connection lost

Rejoining the realm…

Still unreachable

The connection could not be restored.

Session expired

The server has moved on; the page needs a fresh start.